 Dungeon Crawl Stone Soup version 0.24.0-13-gcf9b319 (webtiles) character file.

Game seed: 3945326356794925096, levelgen mode: deterministic

368 Fang the Skirmisher (level 6, -3/40 HPs)
             Began as a Gargoyle Berserker on Nov 12, 2019.
             Was a Priest of Trog.
             Slain by Robin
             ... wielding a +0 mace
              (6 damage)
             ... on level 4 of the Dungeon.
             The game lasted 00:02:28 (3582 turns).

Fang the Skirmisher (Gargoyle Berserker)            Turns: 3582, Time: 00:02:28

Health: -3/40      AC:  6    Str: 23    XL:     6   Next: 69%
Magic:  6/6        EV: 13    Int:  7    God:    Trog [***...]
Gold:   159        SH:  0    Dex:  9    Spells: 5/5 levels left

rFire    . . .     SeeInvis .   a - +0 hand axe
rCold    . . .     Gourm    .   (no shield)
rNeg     + . .     Faith    .   b - +0 animal skin
rPois    ∞         Spirit   .   (no helmet)
rElec    +         Reflect  .   (no cloak)
rCorr    .         Harm     .   (no gloves)
MR       .....                  (no boots)
Stlth    +.........             (no amulet)
HPRegen  0.13/turn              (no ring)
MPRegen  0.10/turn              (no ring)

@: berserk cooldown, slowed, very slow
A: negative energy resistance 1, electricity resistance, unbreathing,
petrification resistance, rot immunity, AC +4
a: Berserk, Trog's Hand, Renounce Religion


You were on level 4 of the Dungeon.
You worshipped Trog.
Trog was most pleased with you.
You were very hungry.

You visited 1 branch of the dungeon, and saw 4 of its levels.

You collected 159 gold pieces.

Inventory:

Hand Weapons
 a - a +0 hand axe (weapon)
Armour
 b - a +0 animal skin (worn)
Jewellery
 s - an uncursed ring of magical power {unknown}
Wands
 x - a wand of acid (6)
Scrolls
 d - a scroll of enchant weapon {unknown}
 g - 2 scrolls of remove curse {unknown}
 j - a scroll of noise {unknown}
 k - 4 scrolls of fear {unknown}
 l - 8 scrolls of identify {unknown}
 n - 3 scrolls of enchant armour {unknown}
 o - 2 scrolls of random uselessness {unknown}
 p - a scroll of fog {unknown}
 q - a scroll of blinking {unknown}
 r - a scroll of teleportation {unknown}
Potions
 e - a potion of lignification {unknown}
 f - 2 potions of haste {unknown}
 h - 4 potions of curing {unknown}
 i - a potion of heal wounds {unknown}
 m - a potion of might {unknown}
 t - a potion of ambrosia {unknown}
 u - a potion of resistance {unknown}
 v - a potion of agility
Comestibles
 c - 3 rations


   Skills:
 + Level 4.8 Fighting
 + Level 4.0 Axes
 + Level 4.2 Armour
 + Level 3.1 Dodging


You had 5 spell levels left.
You didn't know any spells.
Your spell library was empty.

Dungeon Overview and Level Annotations

Branches:
Dungeon (4/15)
 Temple: D:4-7

Altars:
Dithmenos
Elyvilon
Makhleb
Sif Muna
Yredelemnul

Annotations:
D:4 2 transporters, Robin


Innate Abilities, Weirdness & Mutations

You are resistant to torment.
Your stone body is resilient. (AC +4)
You are immune to poison.
You resist negative energy. (rN+)
You are resistant to electric shocks. (rElec)
You can survive without breathing.
You are immune to petrification.
You are immune to rotting.


Message History

Robin hits you with a +0 mace.
* * * LOW HITPOINT WARNING * * *
You hit Robin.
Robin is lightly wounded.
Robin barely misses you.
You hit Robin.
Robin is heavily wounded.
Robin closely misses you.
You hit Robin.
Robin is almost dead.
Robin hits you but does no damage. Robin closely misses you.
You barely miss Robin.
Robin is almost dead.
Robin laughs in a distinctly smug fashion.
Robin hits you with a +0 mace.
* * * LOW HITPOINT WARNING * * *
You completely miss Robin.
Robin is almost dead.
Robin hits you with a +0 mace.
You die...

..# ..# ..#
####### ..#
#####.....## ..#
##.....###..#
..###..##### ##.##
.###..##..©.. #.)#
.# #.##....#..##)#
.###.#5..#...#.#@#
.....##..##. . #g#
.##..©#.#...#.##Z#
.###.##. ..# #...
## #.# ©.. #.#
#.... #.# ##.##
... #.. #..


You could see Robin and a hound skeleton.

Vanquished Creatures
  An ogre (D:4)
  2 scorpions (D:4)
  A hound (D:4)
  A worker ant (D:4)
  5 adders
  2 worms (D:3)
  4 dart slugs
  An orc (D:3)
  4 giant cockroaches
  14 goblins
  8 hobgoblins
  5 jackals
  3 kobolds
  A quokka (D:2)
  2 ball pythons
  3 bats
  6 frilled lizards
  11 rats
74 creatures vanquished.

Notes
Turn   | Place    | Note
-------+----------+-------------------------------------------
     0 | D:1      | Fang the Gargoyle Berserker began the quest for the Orb.
     0 | D:1      | Reached XP level 1. HP: 14/14 MP: 1/1
    74 | D:1      | Reached XP level 2. HP: 13/19 MP: 2/2
   712 | D:1      | Reached XP level 3. HP: 23/23 MP: 3/3
  1063 | D:2      | Found a white marble altar of Elyvilon.
  1085 | D:2      | Reached ** piety under Trog
  1129 | D:2      | Found a burning altar of Makhleb.
  1212 | D:2      | Found a basalt altar of Yredelemnul.
  1424 | D:2      | Found a shimmering blue altar of Sif Muna.
  1479 | D:2      | Found a faded altar of an unknown god.
  1937 | D:3      | Reached XP level 4. HP: 14/29 MP: 4/4
  2749 | D:4      | Found a shadowy altar of Dithmenos.
  2767 | D:4      | Reached XP level 5. HP: 20/33 MP: 5/5
  3242 | D:4      | Noticed an ogre
  3252 | D:4      | Killed an ogre
  3252 | D:4      | Reached XP level 6. HP: 39/39 MP: 6/6
  3520 | D:4      | Found a transporter.
  3540 | D:4      | Noticed Robin
  3546 | D:4      | Found a transporter.
  3556 | D:4      | Reached *** piety under Trog
  3582 | D:4      | Slain by Robin

Levels and vault maps discovered:
D:1:      kennysheep_arrival_forest, layout_loops_corners, nrook_campfire
D:2:      layout_loops_ring, nicolae_overflow_crystal_walls,
          lemuel_blue_sif_altar, old_standard_altar, lemuel_doored_altar,
          chequers_ecumenical_altar_island
D:3:      cheibrodos_old_hovel, layout_basic, gup_sewer_entry_glass
D:4:      minmay_inner_zag, layout_basic, gammafunk_ghost_stat_death,
          chequers_serial_rivers_micro_a, grunt_dithmenos_smoke_and_mirrors,
          uniq_natasha, uniq_robin

Skill      XL: |  1  2  3  4  5  6 |
---------------+-------------------+-----
Axes           | 3 4 |  4.0
Dodging        | 2 3 |  3.1
Armour         | 3 4 |  4.2
Fighting       | 4 |  4.8

Action                   |  1- 3 |  4- 6 || total
-------------------------+-------+-------++-------
Melee: Hand axe          |   143 |   156 ||   299
Invok: Berserk           |       |     5 ||     5
  Eat: Chunk             |     3 |     9 ||    12
Armor: Animal skin       |    38 |    41 ||    79
Dodge: Dodged            |    99 |   115 ||   214
